 Dungeon Sprint DCSS version 0.17-a0-2215-g49c1de0 (webtiles) character file.

442 Kidiri the Covert (level 6, -2/32 HPs)
             Began as a Spriggan Enchanter on Oct 27, 2015.
             Was an Initiate of Dithmenos.
             Killed by a malign offering
             ... invoked by a deep elf priest
              (13 damage)
             ... in the Dungeon (Sprint III: "The Ten Rune Challenge").
             The game lasted 00:07:44 (1505 turns).

Kidiri the Covert (Spriggan Enchanter)              Turns: 1505, Time: 00:07:44

Health: -2/32      AC:  3    Str:  4    XL:     6   Next: 71%
Magic:  1/17       EV: 24    Int: 17    God:    Dithmenos [......]
Gold:   34         SH:  0    Dex: 18    Spells: 7 memorised, 2 levels left

rFire  . . .     SeeInvis +     a - +1 dagger
rCold  . . .     Clarity  .     b - +1 robe
rNeg   . . .     SustAt   .     (shield restricted)
rPois  .         Gourm    .     (helmet restricted)
rElec  .         Spirit   .     (no cloak)
rCorr  .         Warding  .     (gloves unavailable)
rMut   .         NoTele   +     (boots unavailable)
MR     +....                    (no amulet)
Stlth  +++++.....               (no ring)
                                (no ring)

@: very quick, somewhat resistant to hostile enchantments, quite stealthy
A: unfitting armour, see invisible, herbivore 3, speed 3, slow metabolism 2
a: Renounce Religion


You were in the Dungeon.
You worshipped Dithmenos.
Dithmenos was noncommittal.
You were full.

You visited 1 branch You collected 34 gold pieces.

Inventory:

Hand Weapons
 a - a +1 dagger (weapon)
Armour
 b - a +1 robe (worn)
Scrolls
 j - a scroll of blinking
 m - 2 scrolls of immolation {unknown}
 o - a scroll of remove curse {unknown}
 q - a scroll of fog {unknown}
Potions
 e - a potion of curing
 g - a potion of haste
 h - 2 potions of magic
 k - a potion of cancellation
 p - a potion of ambrosia
 t - 2 potions of flight
Comestibles
 r - 2 royal jellies


   Skills:
 + Level 3.2 Fighting
 * Level 6.2 Short Blades
 + Level 2.7 Armour
 * Level 8.5 Dodging
 * Level 10.0 Stealth
 * Level 7.3 Spellcasting
 + Level 2.4 Conjurations
 + Level 6.0 Hexes
 + Level 2.7 Ice Magic
 + Level 1.6 Invocations


You had 2 spell levels left.
You knew the following spells:

 Your Spells              Type           Power        Failure   Level  Hunger
a - Corona                Hex            ####...      1%          1    None
b - Ensorcelled Hibernat  Hex/Ice        ###...       2%          2    None
c - Confuse               Hex            ####....     3%          3    ##.....
d - Tukima's Dance        Hex            ####....     3%          3    ##.....
e - Dazzling Spray        Conj/Hex       ###.....     8%          3    ##.....
f - Repel Missiles        Chrm/Air       #.....       21%         2    None
g - Mephitic Cloud        Conj/Pois/Air  #.......     24%         3    ##.....


Dungeon Overview and Level Annotations

Branches:
Dungeon (1/1)

Altars:
Dithmenos
Elyvilon
Gozag
Kikubaaqudgha
Makhleb
Nemelex Xobeh
Qazlal
Ru
Sif Muna
Vehumet
Xom
Zin
The Shining One
Jiyva
Lugonu


Innate Abilities, Weirdness & Mutations

You are tiny and cannot use many weapons and most armour.
You have supernaturally acute eyesight.
You are a herbivore.
You cover ground extremely quickly.
You need consume almost no food.


Message History

The deep elf priest misses you.
You hit the deep elf priest.
The deep elf priest is heavily wounded.
The deep elf priest barely misses you.
You hit the deep elf priest.
The deep elf priest is heavily wounded.
You hit the deep elf priest but do no damage.
The deep elf priest is heavily wounded.
The deep elf priest hits you with a long sword of holy wrath!
* * * LOW HITPOINT WARNING * * *
Drink which item? (? for menu, Esc to quit)
You feel better.
The deep elf priest completely misses you.
You hit the deep elf priest.
The deep elf priest is severely wounded.
You hit the deep elf priest.
The deep elf priest is almost dead.
The deep elf priest utters a dark prayer and points at you.
Your life force is offered up.
You die...

▓▓▓▓▓ ▓▓▓ #)..####
##.#####
#......#####..#___#
#.......#.%#..#e@.#
##.##...#..#..###'#+###+##
##.###..##+#..#..........#
###.##..###...'.⌠........#
#..##..####...#...######'#
...##..###....#.⌠.#__#...#
..##...##.....#...#__#...#
.##....#......#+###__#...#
###..##.#.....#.):#__#...+


You could see a deep elf priest.

Vanquished Creatures
  A shadow (D)
  A spatial vortex (D)
  A water elemental (D)
  A jelly (D)
  A wizard (D)
  A kobold demonologist (D)
  A human (D)
  2 oozes (D)
  A phantom (D)
  2 rats (D)
12 creatures vanquished.

Vanquished Creatures (others)
  2 draconian scorchers (D)
  A yaktaur (D)
3 creatures vanquished.

Grand Total: 15 creatures vanquished

Notes
Turn   | Place    | Note
--------------------------------------------------------------
     0 | D        | Kidiri the Spriggan Enchanter began the quest for the Orb.
     0 | D        | Reached XP level 1. HP: 9/9 MP: 5/5
    11 | D        | Reached skill level 1 in Fighting
    11 | D        | Reached skill level 5 in Stealth
    11 | D        | Reached XP level 2. HP: 12/14 MP: 7/7
    19 | D        | Learned a level 2 spell: Ensorcelled Hibernation
   171 | D        | Reached skill level 6 in Stealth
   171 | D        | Reached XP level 3. HP: 3/18 MP: 2/9
   178 | D        | Learned a level 3 spell: Confuse
   182 | D        | Learned a level 3 spell: Dazzling Spray
   193 | D        | Killed a yaktaur
   223 | D        | Killed a white draconian scorcher
   265 | D        | Killed a white draconian scorcher
   439 | D        | Gained mutation: Your flesh is heat resistant. [potion of mutation]
   439 | D        | Gained mutation: Your body sometimes deteriorates upon taking damage. [potion of mutation]
   439 | D        | Gained mutation: You expend magic power (3 MP) to strengthen your wands. [potion of mutation]
   440 | D        | Gained mutation: You are clumsy. (Dex -2) [potion of mutation]
   440 | D        | Gained mutation: You can breathe flames. [potion of mutation]
   441 | D        | Lost mutation: Your body sometimes deteriorates upon taking damage. [potion of cure mutation]
   441 | D        | Lost mutation: You expend magic power (3 MP) to strengthen your wands. [potion of cure mutation]
   441 | D        | Lost mutation: You are clumsy. (Dex -2) [potion of cure mutation]
   441 | D        | Lost mutation: Your flesh is heat resistant. [potion of cure mutation]
   441 | D        | Lost mutation: You can breathe flames. [potion of cure mutation]
   449 | D        | Noticed a water elemental
   468 | D        | Killed a water elemental
   468 | D        | Reached skill level 1 in Armour
   468 | D        | Reached skill level 5 in Dodging
   468 | D        | Reached skill level 7 in Stealth
   468 | D        | Reached skill level 1 in Ice Magic
   468 | D        | Reached XP level 4. HP: 23/23 MP: 1/11
   565 | D        | Noticed a jelly
   566 | D        | Noticed a shadow
   791 | D        | Killed a shadow
   791 | D        | Reached skill level 5 in Short Blades
   791 | D        | Reached skill level 8 in Stealth
   791 | D        | Reached skill level 1 in Conjurations
   791 | D        | Reached skill level 5 in Hexes
   791 | D        | Reached XP level 5. HP: 11/27 MP: 1/14
   965 | D        | Learned a level 3 spell: Tukima's Dance
   998 | D        | Killed a jelly
   998 | D        | Reached skill level 9 in Stealth
   998 | D        | Reached XP level 6. HP: 32/32 MP: 16/16
  1002 | D        | Found a stormy altar of Qazlal.
  1003 | D        | Found a sacrificial altar of Ru.
  1003 | D        | Found a burning altar of Makhleb.
  1003 | D        | Found a viscous altar of Jiyva.
  1003 | D        | Found a shimmering altar of Xom.
  1003 | D        | Found a shadowy altar of Dithmenos.
  1003 | D        | Found a sparkling altar of Nemelex Xobeh.
  1003 | D        | Found a corrupted altar of Lugonu.
  1003 | D        | Found an opulent altar of Gozag.
  1003 | D        | Noticed a spatial vortex
  1007 | D        | Became a worshipper of Dithmenos the Shadowed
  1326 | D        | Killed a spatial vortex
  1326 | D        | Reached skill level 1 in Invocations
  1442 | D        | Found a radiant altar of Vehumet.
  1443 | D        | Found a deep blue altar of Sif Muna.
  1443 | D        | Found an ancient bone altar of Kikubaaqudgha.
  1443 | D        | Noticed a wizard
  1444 | D        | Killed a wizard
  1446 | D        | Reached skill level 10 in Stealth
  1457 | D        | Learned a level 2 spell: Repel Missiles
  1461 | D        | Learned a level 3 spell: Mephitic Cloud
  1475 | D        | Found a glowing silver altar of Zin.
  1476 | D        | Found a glowing golden altar of the Shining One.
  1476 | D        | Found a white marble altar of Elyvilon.
  1476 | D        | Noticed a deep elf priest
  1505 | D        | Killed from afar by a deep elf priest

Vault maps used:
D:        dungeon_sprint_mu

Action                   |  1- 3 |  4- 6 || total
-------------------------+-------+-------++-------
Melee: Dagger            |    21 |    53 ||    74
 Cast: Ensorcelled Hiber |     4 |     1 ||     5
       Corona            |     1 |     2 ||     3
       Dazzling Spray    |     3 |    13 ||    16
       Tukima's Dance    |       |     5 ||     5
  Use: Potion            |     4 |     2 ||     6
       Scroll            |     3 |       ||     3
 Stab: Sleeping          |     4 |     3 ||     7
  Eat: Bread ration      |       |     1 ||     1
